 Dungeon Crawl Stone Soup version 0.22-a0-322-g60b3cfd (webtiles) character file.

3650 galech the Grappler (level 9, -4/82 (84) HPs)
             Began as a Troll Monk on Apr 4, 2018.
             Was an Elder of Okawaru.
             Slain by Erica
             ... wielding a +3 scimitar of flaming
              (11 damage)
             ... on level 8 of the Dungeon.
             The game lasted 00:09:26 (6081 turns).

galech the Grappler (Troll Monk)                    Turns: 6081, Time: 00:09:27

HP:   -4/82 (84)    AC:  2    Str: 24    XL:     9   Next: 88%
MP:   8/8           EV: 12    Int:  6    God:    Okawaru [****..]
Gold: 462           SH:  0    Dex: 12    Spells: 8/8 levels left

rFire    . . .     SeeInvis .     - Unarmed
rCold    . . .     Gourm    +   (no shield)
rNeg     . . .     Faith    .   a - +0 robe
rPois    .         Spirit   .   (helmet restricted)
rElec    .         Reflect  .   v - +0 cloak
rCorr    .         Harm     .   (gloves unavailable)
MR       .....                  (boots unavailable)
Stlth    +.........             (no amulet)
HPRegen  0.63/turn              (no ring)
MPRegen  0.11/turn              (no ring)

@: confused, lethally poisoned (-4 -> -4), corroded
A: large, unfitting armour, claws 3, fast metabolism 3, gourmand, regeneration
1, shaggy fur 1, tough skin 2
a: Heroism, Renounce Religion


You were on level 8 of the Dungeon.
You worshipped Okawaru.
Okawaru was greatly pleased with you.
You were completely stuffed.

You visited 2 branches of the dungeon, and saw 9 of its levels.
You also visited: Ossuary.

You collected 462 gold pieces.

Inventory:

Armour
 a - a +0 robe (worn)
 v - a +0 cloak (worn)
Wands
 t - a wand of flame (16)
Scrolls
 d - 7 scrolls of teleportation {unknown}
 h - 4 scrolls of enchant armour
 i - 7 scrolls of remove curse
 k - a scroll of magic mapping {unknown}
 l - 3 scrolls of enchant weapon {unknown}
 m - 2 scrolls of immolation {unknown}
 n - 3 scrolls of amnesia
 u - 2 scrolls of identify
 w - a scroll of fear {unknown}
Potions
 c - 2 potions of resistance {unknown}
 e - a potion of experience {unknown}
 f - 3 potions of curing {unknown}
 g - 3 potions of haste {unknown}
 j - 2 potions of heal wounds {unknown}
 o - a potion of might {unknown}
 p - 2 potions of ambrosia {unknown}
 q - a potion of degeneration {unknown}
 r - 3 potions of lignification {unknown}
 s - a potion of berserk rage {unknown}
Comestibles
 b - 12 rations


   Skills:
 + Level 4.0 Fighting
 + Level 5.6 Dodging
 + Level 3.4 Stealth
 + Level 11.3 Unarmed Combat


You had 8 spell levels left.
You didn't know any spells.

Dungeon Overview and Level Annotations

Branches:
Dungeon (8/15)             Temple (1/1) D:5
   Lair: D:8-11

Altars:
Elyvilon
Gozag
Okawaru
Trog
Vehumet
Wu Jian
Xom
Zin
The Shining One

Shops:
D:4 =   D:5 }

Annotations:
D:8 Erica


Innate Abilities, Weirdness & Mutations

You are too large for most types of armour.
You have claws for hands.
Your metabolism is lightning-fast.
You like to eat raw meat.
Your natural rate of healing is unusually fast.
You are covered in fur. (AC +1)
You have very tough skin. (AC +2)


Message History

A bolt of poison appears from out of thin air!
The bolt of poison hits you!
You are poisoned.
You mangle something!!
You feel sick. Something hits you! Something burns you.
You closely miss something.
You feel sick.
You barely miss something.
You feel sick.
You hear a zap.
A bolt of acid appears from out of thin air!
The bolt of acid hits you!
* * * LOW HITPOINT WARNING * * *
The acid corrodes you!
You are splashed with acid!
The acid burns!
* * * LOW HITPOINT WARNING * * *
Okay, then.
You feel sick.
You feel sick.
You hear some strange, mumbled words.
You are confused.
You feel sick.
You feel sick. Something hits you!
You die...

#..........?.
#...........#######
..................
.).............#
..............#
#...........# #...........#
#$....@.....###
#........>...>##
.#...............####
.........$............#
............?..###.##.##
..#####.........###.....###
. ##.##...............#
#................<..
#######.............


There were no monsters in sight!

Vanquished Creatures
  Pikel (D:5)
  Grinder (D:5)
  A hungry ghost (D:7)
  Menkaure (D:6)
  Edmund (D:5)
  2 orc warriors (D:7)
  4 ice beasts
  A hornet zombie (D:6)
  A sky beast (D:6)
  A necrophage (D:6)
  3 ogres
  A centaur (D:5)
  Blork the orc (D:6)
  A scorpion (D:5)
  2 howler monkeys (D:4)
  4 wights (D:5)
  2 crimson imps
  2 bullfrog zombies
  2 hounds
  4 orc priests
  2 bullfrog skeletons
  2 centaur skeletons
  5 orc wizards
  5 iguanas
  Terence (D:2)
  2 worker ants
  A big kobold zombie (Ossuary)
  A hound zombie (D:5)
  A hound skeleton (D:6)
  3 mummies (Ossuary)
  A howler monkey skeleton (D:7)
  8 adders
  6 gnolls
  A shadow imp (D:7)
  An ooze (D:2)
  3 adder zombies
  An adder skeleton (D:6)
  2 dart slugs
  6 worms
  6 leopard geckos
  16 orcs
  6 bats
  5 goblins
  7 hobgoblins
  9 jackals
  5 kobolds
  4 quokkas
  A ball python (D:1)
  14 frilled lizards
  A giant cockroach zombie (D:5)
  2 goblin zombies (Ossuary)
  7 hobgoblin zombies (Ossuary)
  2 kobold zombies (Ossuary)
  2 leopard gecko skeletons
  7 rats
  4 rat zombies (Ossuary)
186 creatures vanquished.

Notes
Turn   | Place    | Note
-------+----------+-------------------------------------------
     0 | D:1      | galech the Troll Monk began the quest for the Orb.
     0 | D:1      | Reached XP level 1. HP: 22/22 MP: 0/0
   185 | D:1      | Reached XP level 2. HP: 29/29 MP: 1/1
   862 | D:2      | Reached XP level 3. HP: 36/36 MP: 2/2
  1092 | D:2      | Noticed Terence
  1101 | D:2      | Killed Terence
  1118 | D:2      | Reached XP level 4. HP: 44/44 MP: 3/3
  1374 | D:3      | Found a glowing golden altar of the Shining One.
  1379 | D:3      | Found an ornate altar of the Wu Jian Council.
  1383 | D:3      | Found a white marble altar of Elyvilon.
  1597 | D:3      | Reached skill level 4 in Unarmed Combat
  1732 | D:3      | Reached XP level 5. HP: 41/52 MP: 4/4
  2364 | D:4      | Reached skill level 5 in Unarmed Combat
  2389 | D:4      | Reached XP level 6. HP: 58/59 MP: 5/5
  2555 | D:4      | Found Podd's Jewellery Boutique.
  3220 | D:5      | Entered Level 5 of the Dungeon
  3263 | D:5      | Found a glowing silver altar of Zin.
  3272 | D:5      | Found Boaceo's Gadget Shoppe.
  3333 | D:5      | Noticed Grinder
  3351 | D:5      | Killed Grinder
  3351 | D:5      | Reached skill level 6 in Unarmed Combat
  3351 | D:5      | Reached XP level 7. HP: 28/67 MP: 6/6
  3367 | D:5      | Found a sand-covered staircase.
  3439 | Ossuary  | Entered an ossuary
  3696 | D:5      | Noticed Pikel
  3702 | D:5      | Killed Pikel
  3702 | D:5      | Reached skill level 8 in Unarmed Combat
  3702 | D:5      | Reached XP level 8. HP: 73/75 MP: 7/7
  3719 | D:5      | Found a staircase to the Ecumenical Temple.
  3727 | Temple   | Entered the Ecumenical Temple
  3753 | Temple   | Became a worshipper of Warmaster Okawaru
  3753 | Temple   | Reached * piety under Okawaru
  3753 | Temple   | Reached ** piety under Okawaru
  3786 | D:5      | Noticed Edmund
  3795 | D:5      | Killed Edmund
  4293 | D:5      | Reached skill level 9 in Unarmed Combat
  4473 | D:6      | Noticed Menkaure
  4639 | D:6      | Killed Menkaure
  4653 | D:5      | Reached XP level 9. HP: 54/83 MP: 8/8
  4753 | D:6      | Reached skill level 5 in Dodging
  4858 | D:6      | Reached *** piety under Okawaru
  4867 | D:6      | Reached skill level 10 in Unarmed Combat
  4891 | D:6      | Noticed Blork the orc
  4901 | D:6      | Killed Blork the orc
  5665 | D:7      | Reached skill level 11 in Unarmed Combat
  6062 | D:8      | Reached **** piety under Okawaru
  6064 | D:8      | Noticed Erica
  6081 | D:8      | Slain by Erica

Vault maps used:
D:1:      shiori_arrival_oz, minmay_tetromino_o2
D:2:      minmay_diamond_boxcup, serial_park_tiny_2, glass_columns_a,
          uniq_terence
D:3:      minitemple
D:4:      serial_shops, kennysheep_little_box
D:5:      minmay_temple_entry_enclosed_plants, nicolae_ossuary_entry_monument,
          basic_altar, serial_shops, shop, first_ration,
          hangedman_abyss_or_decor_lesser_grid, serial_park_tiny_2,
          eino_tiny_chamber, uniq_pikel, uniq_edmund, uniq_grinder
D:6:      uniq_blork_the_orc, uniq_menkaure
D:8:      uniq_erica, uniq_joseph
Temple:   regret_index_temple_mists
Ossuary:  ossuary_minmay_chase

Skill      XL: |  1  2  3  4  5  6  7  8  9 |
---------------+----------------------------+-----
Unarmed Combat | 4 5 6 8 9 11 | 11.3
Dodging        | 3 4 5 |  5.6
Stealth        | 2 3 |  3.4
Fighting       | 3 4 |  4.0

Action                   |  1- 3 |  4- 6 |  7- 9 || total
-------------------------+-------+-------+-------++-------
Melee: Unarmed           |    72 |   162 |   275 ||   509
       Punch             |     2 |     4 |    17 ||    23
  Use: Scroll            |       |     4 |       ||     4
 Stab: Sleeping          |     7 |     2 |     9 ||    18
       Distracted        |       |     1 |       ||     1
  Eat: Chunk             |    14 |    20 |    27 ||    61
Armor: Robe              |    19 |    29 |    35 ||    83
Dodge: Dodged            |    36 |    66 |   122 ||   224

Table legend:
 A = Spawn XP
 B = Non-spawn XP
 C = Spawn XP percentage of total XP
 D = Spawn monster count
 E = Non-spawn monster count
 F = Spawn count percentage of total count
 G = Total turns spent on level
                    A         B        C        D         E        F      G
               +---------+---------+-------+---------+---------+-------+---------
         Total |       0 |    5215 |   0.0 |       0 |     186 |   0.0 |  6081
               +---------+---------+-------+---------+---------+-------+---------
           D:1 |       0 |      25 |   0.0 |       0 |      15 |   0.0 |   612
           D:2 |       0 |      96 |   0.0 |       0 |      25 |   0.0 |   672
           D:3 |       0 |     132 |   0.0 |       0 |      25 |   0.0 |   846
           D:4 |       0 |     351 |   0.0 |       0 |      19 |   0.0 |  1090
           D:5 |       0 |    1836 |   0.0 |       0 |      25 |   0.0 |  1106
           D:6 |       0 |    1157 |   0.0 |       0 |      21 |   0.0 |   469
           D:7 |       0 |    1302 |   0.0 |       0 |      32 |   0.0 |   968
           D:8 |       0 |     210 |   0.0 |       0 |       3 |   0.0 |    52
       Ossuary |       0 |     106 |   0.0 |       0 |      21 |   0.0 |   223
               +---------+---------+-------+---------+---------+-------+---------
